 Dungeon Crawl Stone Soup version 0.21-a0-634-gaf8bc5d (webtiles) character file.

791 wvc the Slicer (level 7, -5/60 HPs)
             Began as a Naga Hunter on Dec 29, 2017.
             Slain by an orc warrior
             ... wielding a cursed -1 battleaxe
              (19 damage)
             ... on level 5 of the Dungeon.
             The game lasted 00:08:51 (4235 turns).

wvc the Slicer (Naga Hunter)                        Turns: 4235, Time: 00:08:52

Health: -5/60      AC:  7    Str: 16    XL:     7   Next: 88%
Magic:  7/7        EV:  9    Int: 12    God:
Gold:   395        SH:  0    Dex: 13    Spells: 6/6 levels left

rFire    + . .     SeeInvis +   m - +2 dagger (venom)
rCold    + . .     Gourm    .   (no shield)
rNeg     . . .     Faith    .   s - +1 ring mail
rPois    +         Spirit   .   l - +1 helmet
rElec    .         Reflect  .   k - scarf {rC+ rF+}
rCorr    .         Harm     .   (no gloves)
MR       +....                  (no barding)
Stlth    +.........             g - amulet of regeneration
HPRegen  0.60/turn              p - +2 ring of strength
MPRegen  0.10/turn              u - ring of protection from magic

@: short of breath, very slow
A: large, see invisible, deformed body, poison resistance, slowness 2, slow
metabolism 1, spit poison 1, AC +2
a: Spit Poison


You were on level 5 of the Dungeon.
You were not hungry.

You visited 1 branch of the dungeon, and saw 5 of its levels.
You also visited: Sewer.

You collected 395 gold pieces.

Inventory:

Hand Weapons
 m - a +2 dagger of venom (weapon)
 D - a cursed -2 rapier
Missiles
 a - 26 poisoned needles
 c - 9 javelins (quivered)
 d - 2 throwing nets
Armour
 k - a scarf of resistance (worn)
 l - a +1 helmet (worn)
 s - a +1 ring mail (worn)
Jewellery
 b - an uncursed amulet of rage
 g - an amulet of regeneration (around neck)
 o - an uncursed ring of ice
 p - a +2 ring of strength (left hand)
 u - a ring of protection from magic (right hand)
 x - an uncursed amulet of the gourmand {unknown}
Scrolls
 h - 2 scrolls of amnesia
 i - 7 scrolls of remove curse
 q - a scroll of magic mapping
 r - 2 scrolls of enchant armour
 v - 3 scrolls of enchant weapon
 y - 4 scrolls of teleportation
 B - a scroll of fog
 C - a scroll of identify
 F - a scroll of blinking
Potions
 e - 2 potions of heal wounds
 j - 6 potions of curing
 n - a potion of might
 t - 3 potions of agility
 w - a potion of mutation {unknown}
 z - a potion of ambrosia {unknown}
 A - 2 potions of lignification {unknown}
Comestibles
 f - 13 rations
 E - 6 chunks of flesh


   Skills:
 - Level 2.0 Fighting
 + Level 8.4 Short Blades
 - Level 3.6 Throwing
 - Level 1.5 Dodging
 - Level 1.5 Stealth


You had 6 spell levels left.
You didn't know any spells.

Dungeon Overview and Level Annotations

Branches:
Dungeon (5/15)
 Temple: D:4-7

Altars:
Makhleb


Innate Abilities, Weirdness & Mutations

You cannot wear boots.
Your serpentine skin is tough. (AC +2)
You have supernaturally acute eyesight. (SInv)
Armour fits poorly on your strangely shaped body.
Your system is resistant to poisons. (rPois)
You cover ground very slowly.
You have a slow metabolism.
You can spit poison.


Message History

The orc barely misses you.
Press: ? - help, Shift-Dir - straight line, f/p - orc warrior
Aim: an orc warrior, wielding an enchanted battleaxe, wearing a chain mail and wearing an iron ring (severely wounded, poisoned)
The splash of poison misses the orc warrior.
You feel slightly more hungry.
The orc wizard hits you but does no damage.
The orc closely misses you.
The orc warrior hits you with an enchanted battleaxe!
* * * LOW HITPOINT WARNING * * *
Okay, then.
You barely miss the orc warrior.
The orc warrior is severely wounded.
The orc wizard gestures at you while chanting.
The puff of flame hits you! You resist.
* * * LOW HITPOINT WARNING * * *
You hit the orc warrior but do no damage.
The orc warrior is severely wounded.
The orc barely misses you.
The orc warrior hits you with an enchanted battleaxe!!
You die...

#.......##........#>
#......
#..........###....##
##..####
#.......†#######...##
...#
#........).....#.#..## #
....
#.......####.........###
#....#### ##.....#....
###.## ###...........
#.# ###......o...#
#.#####...#...@o.(.#
#.##....###....o.(.((.
#....#### #...........
#...## #........#..
.....## #...>....# .
.###.. #.......... ##..
#....<....## ..
#######..## #..


You could see an orc warrior, an orc wizard (invisible) and an orc.

Vanquished Creatures
  An ogre (D:4)
  A centaur (D:5)
  2 bullfrogs (Sewer)
  A howler monkey (D:5)
  A crimson imp (D:5)
  An orc wizard (D:5)
  2 iguanas
  3 worker ants (D:4)
  11 adders
  A river rat (D:5)
  2 adder skeletons
  7 worms
  6 dart slugs
  9 leopard geckos
  14 orcs
  7 bats
  5 giant cockroaches
  15 goblins
  11 hobgoblins
  4 jackals (D:5)
  4 kobolds
  A quokka (D:5)
  7 ball pythons
  13 frilled lizards
  2 giant cockroach zombies
  A quokka zombie (D:5)
  3 rats
135 creatures vanquished.

Notes
Turn   | Place    | Note
-------+----------+-------------------------------------------
     0 | D:1      | wvc the Naga Hunter began the quest for the Orb.
     0 | D:1      | Reached XP level 1. HP: 19/19 MP: 1/1
   278 | D:1      | Reached skill level 1 in Short Blades
   409 | D:1      | Reached XP level 2. HP: 25/26 MP: 2/2
   480 | D:1      | Reached skill level 2 in Short Blades
  1148 | D:1      | Reached XP level 3. HP: 32/32 MP: 3/3
  1444 | D:2      | Reached skill level 3 in Short Blades
  1543 | D:2      | Reached XP level 4. HP: 24/39 MP: 4/4
  1777 | D:2      | Reached skill level 4 in Short Blades
  2191 | D:3      | Reached XP level 5. HP: 32/45 MP: 5/5
  2828 | D:4      | Reached skill level 5 in Short Blades
  3076 | D:4      | Noticed an ogre
  3079 | D:4      | Reached XP level 6. HP: 52/52 MP: 6/6
  3090 | D:4      | Reached skill level 6 in Short Blades
  3619 | D:5      | Entered Level 5 of the Dungeon
  3654 | D:5      | Found a glowing drain.
  3718 | Sewer    | Entered a sewer
  3733 | Sewer    | Reached XP level 7. HP: 56/60 MP: 7/7
  3797 | Sewer    | Reached skill level 7 in Short Blades
  4027 | D:5      | Reached skill level 8 in Short Blades
  4049 | D:5      | Found a burning altar of Makhleb.
  4235 | D:5      | Slain by an orc warrior

Vault maps used:
D:1:      dpeg_arrival_short_road
D:2:      first_ration, minmay_joined_circles
D:4:      corexii_shack_village, st_stairs_10, minmay_cupped
D:5:      kennysheep_mini_moat, nicolae_overflow_crystal_walls,
          minmay_temple_entry_mist, portal_sewer_entry_b, lemuel_angel_altar
Sewer:    sewer_frog_island_01

Skill      XL: |  1  2  3  4  5  6  7 |
---------------+----------------------+-----
Short Blades   | 1 2 3 4 5 6 8 |  8.4
Fighting       | |  2.0
Throwing       | |  3.6
Dodging        | |  1.5
Stealth        | |  1.5

Action                   |  1- 3 |  4- 6 |  7- 9 || total
-------------------------+-------+-------+-------++-------
Melee: Short sword       |    23 |       |       ||    23
       Dagger            |    53 |   261 |   133 ||   447
Throw: Javelin           |     1 |       |     3 ||     4
 Abil: Spit Poison       |       |     1 |     3 ||     4
  Use: Scroll            |       |    12 |     1 ||    13
 Stab: Sleeping          |     5 |       |       ||     5
  Eat: Chunk             |     1 |     5 |       ||     6
       Ration            |       |     1 |       ||     1
Armor: Leather armour    |     4 |       |       ||     4
       Ring mail         |       |    79 |    49 ||   128
Dodge: Dodged            |    30 |    84 |    57 ||   171

Table legend:
 A = Spawn XP
 B = Non-spawn XP
 C = Spawn XP percentage of total XP
 D = Spawn monster count
 E = Non-spawn monster count
 F = Spawn count percentage of total count
 G = Total turns spent on level
                    A         B        C        D         E        F      G
               +---------+---------+-------+---------+---------+-------+---------
         Total |       0 |    1131 |   0.0 |       0 |     135 |   0.0 |  4235
               +---------+---------+-------+---------+---------+-------+---------
           D:1 |       0 |      35 |   0.0 |       0 |      16 |   0.0 |  1333
           D:2 |       0 |     121 |   0.0 |       0 |      35 |   0.0 |   816
           D:3 |       0 |      33 |   0.0 |       0 |      14 |   0.0 |   651
           D:4 |       0 |     344 |   0.0 |       0 |      28 |   0.0 |   819
           D:5 |       0 |     373 |   0.0 |       0 |      22 |   0.0 |   394
         Sewer |       0 |     225 |   0.0 |       0 |      20 |   0.0 |   222
               +---------+---------+-------+---------+---------+-------+---------
